 Dungeon Crawl Stone Soup version 0.20.0-10-g0535bb4 (webtiles) character file.

1329 grindst0ne the Protected (level 8, 0/65 HPs)
             Began as a Formicid Fighter on June 6, 2017.
             Slain by KlownO's ghost (13 damage)
             ... on level 6 of the Dungeon.
             The game lasted 00:09:31 (5997 turns).

grindst0ne the Protected (Formicid Fighter)         Turns: 5997, Time: 00:09:31

Health: 0/65       AC:  9    Str: 27    XL:     8   Next: 91%
Magic:  8/8        EV:  9    Int:  7    God:
Gold:   248        SH: 11    Dex: 12    Spells: 7/7 levels left

rFire    . . .     SeeInvis +   a - +0 war axe
rCold    . . .     Gourm    +   c - +0 shield
rNeg     + . .     Faith    .   b - +0 scale mail
rPois    .         Spirit   .   (helmet unavailable)
rElec    .         Reflect  .   y - +0 cloak
rCorr    .         Harm     .   (no gloves)
MR       .....                  (no boots)
Stlth    ..........             v - amulet of the gourmand
Regen    0.2/turn               A - ring of flight
MPRegen  0.2/turn               m - ring of positive energy

@: mighty
A: permanent stasis, dig shafts and tunnels, four strong arms, antennae 3
a: Dig, Shaft Self, Evoke Flight


You were on level 6 of the Dungeon.
You were not hungry.

You visited 1 branch of the dungeon, and saw 6 of its levels.

You collected 248 gold pieces.

Inventory:

Hand Weapons
 a - a +0 war axe (weapon)
Armour
 b - a +0 scale mail (worn)
 c - a +0 shield (worn)
 y - a +0 cloak (worn)
Jewellery
 h - an uncursed ring of flight
 m - a ring of positive energy (right hand)
 v - an amulet of the gourmand (around neck)
 A - a ring of flight (left hand)
 G - a cursed amulet of inaccuracy {unknown}
Wands
 B - a wand of acid (0/15)
Scrolls
 i - 3 scrolls of remove curse {unknown}
 j - 2 scrolls of fog {unknown}
 o - 2 scrolls of teleportation {unknown}
 p - a scroll of immolation {unknown}
 q - a scroll of noise {unknown}
 s - a scroll of amnesia {unknown}
 t - a scroll of enchant weapon {unknown}
 u - 4 scrolls of identify {unknown}
 z - a scroll of enchant armour {unknown}
 D - a scroll of torment {unknown}
 E - a scroll of magic mapping {unknown}
 F - a scroll of blinking {unknown}
 H - a scroll of recharging {unknown}
Potions
 d - 2 potions of might
 e - 3 potions of curing
 g - a potion of heal wounds {unknown}
 l - a potion of lignification {unknown}
 r - 2 potions of flight {unknown}
 w - a potion of mutation {unknown}
 x - a potion of berserk rage {unknown}
 C - 2 potions of ambrosia {unknown}
 I - a potion of brilliance {unknown}
Comestibles
 f - 5 bread rations
 k - 4 fruits
 n - 3 royal jellies


   Skills:
 + Level 6.9 Fighting
 - Level 2.0 Axes
 - Level 8.3 Armour
 - Level 7.0 Shields


You had 7 spell levels left.
You didn't know any spells.

Dungeon Overview and Level Annotations

Branches:
Dungeon (6/15)
 Temple: D:4-7

Altars:
Gozag
Kikubaaqudgha
Makhleb
Qazlal

Annotations:
D:6 KlownO's ghost, novice TrWr


Innate Abilities, Weirdness & Mutations

You cannot be hasted, slowed, berserked, paralysed or teleported.
You can dig through walls and to a lower floor.
Your four strong arms can wield two-handed weapons with a shield.
You have a pair of large antennae on your head. (SInv)


Message History

You hit KlownO's ghost.
KlownO's ghost is moderately damaged.
KlownO's ghost closely misses you.
You slice KlownO's ghost!!
KlownO's ghost is heavily damaged.
KlownO's ghost hits you.
You hit KlownO's ghost.
KlownO's ghost is heavily damaged.
KlownO's ghost completely misses you.
KlownO's ghost screams, "Zot is a myth, the ORB is a fable, you'll soon be a tale!"
KlownO's ghost hits you!
You slice KlownO's ghost!!
KlownO's ghost is almost destroyed.
KlownO's ghost hits you.
You completely miss KlownO's ghost.
KlownO's ghost is almost destroyed.
KlownO's ghost hits you!!
* * * LOW HITPOINT WARNING * * *
KlownO's ghost hits you!
You die...

#.. #. ## ..####.
.. ### .. #.##..
#.###... #.##.#
.....# # #.##.#
###..#### #
#....###.......#
####..............#
#.....#####.....W.#
..#..## #.....@.#
..)%.# #.......#
.....# #.......#
#.....# #.......#
......# #.......#
......... #.....(.#
####.###.......####
#.# ######.# .# #.#


You could see KlownO's ghost.

Vanquished Creatures
  The ghost of Nicoed the Changer, a novice OpTm of Sif Muna (D:5)
  Menkaure (D:5)
  An ice beast (D:5)
  3 ogres (D:5)
  A big kobold (D:6)
  A bullfrog zombie (D:6)
  A centaur zombie (D:5)
  3 orc wizards
  Terence (D:2)
  2 iguanas
  Natasha (twice) (D:2)
  7 adders
  A shadow imp (D:6)
  2 worms (D:2)
  3 leopard geckos
  15 orcs
  4 bats
  3 giant cockroaches
  4 goblins
  6 hobgoblins
  4 jackals (D:5)
  10 kobolds
  5 quokkas
  2 frilled lizards
  A quokka skeleton (D:4)
  A quokka zombie (D:5)
  7 rats
92 creatures vanquished.

Notes
Turn   | Place    | Note
-------+----------+-------------------------------------------
     0 | D:1      | grindst0ne the Formicid Fighter began the quest for the Orb.
     0 | D:1      | Reached XP level 1. HP: 18/18 MP: 1/1
   338 | D:1      | Reached XP level 2. HP: 25/25 MP: 2/2
   604 | D:2      | Reached XP level 3. HP: 26/30 MP: 3/3
   701 | D:2      | Noticed Natasha
   708 | D:2      | Killed Natasha
   714 | D:2      | Reached XP level 4. HP: 30/37 MP: 4/4
   814 | D:2      | Reached skill level 5 in Shields
  1072 | D:2      | Noticed Terence
  1089 | D:2      | Killed Terence
  1089 | D:2      | Reached XP level 5. HP: 33/42 MP: 5/5
  1117 | D:2      | Found an ancient bone altar of Kikubaaqudgha.
  1139 | D:2      | Found a burning altar of Makhleb.
  1514 | D:2      | Noticed Natasha
  1522 | D:2      | Killed Natasha
  2688 | D:4      | Reached XP level 6. HP: 42/48 MP: 6/6
  2783 | D:4      | Reached skill level 4 in Armour
  3098 | D:5      | Entered Level 5 of the Dungeon
  3103 | D:5      | Noticed an ice beast
  3140 | D:5      | Killed an ice beast
  3140 | D:5      | Reached skill level 5 in Armour
  3140 | D:5      | Reached XP level 7. HP: 38/54 MP: 7/7
  3250 | D:5      | Reached skill level 6 in Armour
  3334 | D:5      | Noticed Nicoed's ghost (novice OpTm)
  3391 | D:5      | Killed Nicoed's ghost
  3391 | D:5      | Reached skill level 8 in Armour
  3391 | D:5      | Reached XP level 8. HP: 23/60 MP: 8/8
  3699 | D:5      | Noticed Menkaure
  3703 | D:5      | Killed Menkaure
  3703 | D:5      | Reached skill level 5 in Fighting
  4040 | D:5      | Found an opulent altar of Gozag.
  4045 | D:5      | Found a stormy altar of Qazlal.
  4626 | D:6      | Noticed KlownO's ghost (novice TrWr)
  4664 | D:5      | HP: 2/65 [ogre/giant club (12)]
  5997 | D:6      | Slain by KlownO's ghost

Skill      XL: |  1  2  3  4  5  6  7  8 |
---------------+-------------------------+-----
Fighting       | 4 6 |  6.9
Shields        | 4 5 6 7 |  7.0
Armour         | 5 8 |  8.3
Axes           | |  2.0

Action                   |  1- 3 |  4- 6 |  7- 9 || total
-------------------------+-------+-------+-------++-------
Melee: War axe           |    45 |   207 |   122 ||   374
Evoke: Wand              |       |       |     2 ||     2
  Use: Potion            |       |       |     2 ||     2
  Eat: Chunk             |       |    16 |     2 ||    18
Armor: Scale mail        |    16 |    71 |    37 ||   124
Dodge: Dodged            |    12 |    70 |    36 ||   118
Block: Shield            |    31 |   137 |    74 ||   242
